 Dungeon Crawl Stone Soup version 0.16-a0-3215-g5dfac0e (webtiles) character file.

6005 Chiseanne the Blocker (level 11, -8/87 HPs)
             Began as a Formicid Fighter on Dec 20, 2014.
             Was a Believer of Makhleb.
             Mangled by a hill giant
             ... wielding a +0 giant club
              (26 damage)
             ... on level 9 of the Dungeon.
             The game lasted 00:30:27 (7619 turns).

Chiseanne the Blocker (Formicid Fighter)            Turns: 7619, Time: 00:30:27

Health: -8/87      AC:  8    Str: 24    XL:     11   Next: 10%
Magic:  18/18      EV: 18    Int:  8    God:    Makhleb [**....]
Gold:   409        SH: 18    Dex: 10    Spells: 1 memorised, 7 levels left

rFire  + . .     SeeInvis +     a - +5 war axe
rCold  + . .     Clarity  .     J - +1 robe {rC+ rF+}
rNeg   . . .     SustAb   .     q - +0 large shield
rPois  .         Gourm    .     (helmet unavailable)
rElec  .         Spirit   .     p - +0 cloak
rCorr  .         Warding  .     K - +0 pair of gloves
rMut   .         Stasis   +     (no boots)
MR     +....                    l - amulet of regeneration
Stlth  +.........               x - +3 ring of protection (curse)
                                h - +5 ring of evasion (curse)

@: somewhat resistant to hostile enchantments, very unstealthy
A: permanent stasis, dig shafts and tunnels, four strong arms, antennae 3
a: Dig, Shaft Self, Minor Destruction, Renounce Religion


You were on level 9 of the Dungeon.
You worshipped Makhleb.
Makhleb was pleased with you.
You were hungry.

You visited 2 branches of the dungeon, and saw 10 of its levels.
You also visited: Sewer and Ossuary.

You collected 409 gold pieces.

Inventory:

Hand weapons
 a - a +5 war axe (weapon)
 s - a +3 quarterstaff of chaos
 w - a +0 blowgun
Missiles
 f - 2 throwing nets (quivered)
 t - 41 poisoned needles
 C - 4 tomahawks
Armour
 p - a +0 cloak (worn)
 q - a +0 large shield (worn)
 J - a +1 robe of resistance (worn)
 K - a +0 pair of gloves (worn)
Jewellery
 c - a +3 ring of evasion
 h - a cursed +5 ring of evasion (left hand)
 l - an amulet of regeneration (around neck)
 r - a +3 ring of dexterity
 x - a cursed +3 ring of protection (right hand)
 y - an uncursed ring of protection from magic
Magical devices
 M - a wand of fire (2)
 P - a wand of draining (8)
Scrolls
 b - 2 scrolls of amnesia
 n - 5 scrolls of remove curse
 B - 2 scrolls of immolation
 F - a scroll of recharging
 G - 2 scrolls of fog
Potions
 e - 6 potions of might
 j - 9 potions of curing
 k - a potion of flight
 o - a potion of ambrosia {unknown}
 u - 3 potions of magic
 v - a potion of poison {unknown}
 A - 7 potions of brilliance
 D - 3 potions of heal wounds
 H - a potion of resistance {unknown}
 L - a potion of agility
 N - 2 potions of restore abilities
 T - a potion of invisibility {unknown}
Books
 z - a book of Debilitation

   Spells                             Type                      Level
   a - Corona                         Hexes                        1
   b - Slow                           Hexes                        2
   c - Inner Flame                    Hexes/Fire                   3
   d - Enslavement                    Hexes                        4
   e - Cause Fear                     Hexes                        4
   f - Leda's Liquefaction            Hexes/Earth                  4
 E - a book of the Sky

   Spells                             Type                      Level
   a - Flight                         Charms/Air                   3
   b - Airstrike                      Air                          4
   c - Silence                        Hexes/Air                    5
   d - Deflect Missiles               Charms/Air                   6
   e - Conjure Ball Lightning         Conjuration/Air              6
   f - Tornado                        Air                          9
 Q - a book of Burglary

   Spells                             Type                      Level
   a - Swiftness                      Charms/Air                   2
   b - Passwall                       Transmutation/Earth          3
   c - Passage of Golubria            Translocation                4
   d - Lee's Rapid Deconstruction     Earth                        5
   e - Invisibility                   Hexes                        6
   f - Darkness                       Hexes                        7
Miscellaneous
 S - a disc of storms
 U - a legendary deck of changes
Comestibles
 d - 9 bread rations
 g - 12 beef jerkies
 i - 7 meat rations
 m - 2 fruits
 O - a slice of pizza
 R - a chunk of flesh


   Skills:
 * Level 8.5 Fighting
 * Level 8.6 Axes
 - Level 5.2 Armour
 * Level 6.7 Dodging
 * Level 10.0 Shields
 * Level 2.8 Invocations


You had 7 spell levels left.
You knew the following spells:

 Your Spells              Type           Power        Failure   Level  Hunger
a - Flight                Chrm/Air       #.........   100%        3    ####...


Dungeon Overview and Level Annotations

Branches:
Dungeon (9/15)             Temple (1/1) D:7            Lair (0/8) D:8
    Orc (0/4) D:9

Altars:
Ashenzari
Cheibriados
Dithmenos
Elyvilon
Fedhas
Gozag
Kikubaaqudgha
Makhleb
Nemelex Xobeh
Okawaru
Qazlal
Ru
Sif Muna
Trog
Vehumet
Xom
Yredelemnul
Zin


Innate Abilities, Weirdness & Mutations

You are under a permanent stasis effect.
You can dig through walls and to a lower floor.
Your four strong arms can wield two-handed weapons with a shield.
You have a pair of large antennae on your head (SInv).


Message History

You hit the adder but do no damage.
The adder is almost dead.
You block the adder's attack.
The hill giant hits you with a giant club!!!
You block the adder's attack.
You hit the hill giant.
The hill giant is moderately wounded.
You slash the adder!
You kill the adder!
Makhleb accepts your kill.
You feel a little better.
The hill giant hits you with a giant club!!
* * * LOW HITPOINT WARNING * * *
Use which ability? (? or * to list) Are you sure you want to shaft yourself?
You feel quite a bit more hungry.
You begin to dig a shaft.
You continue digging a shaft.
You are feeling hungry.
The hill giant hits you with a giant club!!
You die...

.(......>
#.........#
#.........#
#.........#
#.........#
#.........#
#.........# #C#
######@# ######
####......#
.....###.....[.#.#
......#..#.....#.#
...............#.#
....##........##.#
..............##.#
...#.....#....##.#
####.#...#(...##..


You could see a hill giant.

Vanquished Creatures
  Pikel (D:6)
  Joseph (D:9)
  A hippogriff (D:9)
  A deep elf mage (D:7)
  A hungry ghost (D:9)
  A water moccasin (D:8)
  3 sky beasts
  3 ice beasts
  A phantom (D:8)
  4 centaurs
  A slave (D:6)
  2 orc warriors
  7 ogres
  Duvessa (D:4)
  A big kobold (D:7)
  8 giant frogs
  2 water moccasin zombies (Ossuary)
  4 jellies
  4 killer bees (D:8)
  Dowan (D:4)
  A goliath beetle (D:6)
  10 wights
  A crimson imp (D:5)
  6 hounds
  Crazy Yiuf (D:3)
  3 giant frog skeletons
  9 worker ants
  8 orc wizards
  Natasha (twice) (D:6)
  2 iguanas
  An orc priest (D:6)
  A gnoll shaman (D:4)
  3 big kobold zombies (Ossuary)
  Ijyb (D:4)
  A hound skeleton (D:7)
  2 mummies (Ossuary)
  6 gnolls
  2 river rats (Sewer)
  15 adders
  A worker ant zombie (D:5)
  A shadow imp (D:9)
  A white imp (D:6)
  4 worms
  5 adder zombies (Ossuary)
  5 giant geckos
  An ooze (D:4)
  25 orcs
  15 ball pythons
  4 giant cockroaches
  8 goblins
  12 hobgoblins
  4 quokkas
  8 bats
  A giant gecko skeleton (D:4)
  7 giant newts
  2 gnoll zombies (Ossuary)
  6 hobgoblin zombies (Ossuary)
  7 jackals
  17 kobolds
  7 kobold zombies (Ossuary)
  2 orc zombies (Ossuary)
  A quokka zombie (D:6)
  36 rats
303 creatures vanquished.

Vanquished Creatures (others)
  A slave (D:6)
  A jelly (D:6)
  A giant gecko (D:6)
  2 orcs (D:6)
  A jackal (D:6)
  A quokka (D:6)
7 creatures vanquished.

Grand Total: 310 creatures vanquished

Notes
Turn   | Place    | Note
--------------------------------------------------------------
     0 | D:1      | Chiseanne, the Formicid Fighter, began the quest for the Orb.
     0 | D:1      | Reached XP level 1. HP: 18/18 MP: 1/1
    56 | D:1      | Reached XP level 2. HP: 22/24 MP: 3/3
   170 | D:1      | Reached skill level 4 in Shields
   363 | D:1      | Reached XP level 3. HP: 29/29 MP: 4/4
  1029 | D:2      | Found an iron altar of Okawaru.
  1124 | D:2      | Found an iron altar of Okawaru.
  1157 | D:2      | Reached XP level 4. HP: 37/37 MP: 5/5
  1459 | D:3      | Found a white marble altar of Elyvilon.
  1533 | D:3      | Reached XP level 5. HP: 42/42 MP: 7/7
  1572 | D:3      | Noticed a centaur
  1580 | D:3      | Killed a centaur
  1580 | D:3      | Reached skill level 5 in Shields
  1707 | D:3      | Reached XP level 6. HP: 42/49 MP: 8/8
  1894 | D:3      | Found a shattered altar of Ashenzari.
  1894 | D:3      | Found an ancient bone altar of Kikubaaqudgha.
  2096 | D:3      | Noticed Crazy Yiuf
  2109 | D:3      | Killed Crazy Yiuf
  2310 | D:4      | Reached XP level 7. HP: 53/55 MP: 9/9
  2369 | D:4      | Noticed Duvessa
  2376 | D:4      | Killed Duvessa
  2379 | D:4      | Noticed Dowan
  2398 | D:4      | Killed Dowan
  2398 | D:4      | Reached skill level 5 in Fighting
  2442 | D:4      | Reached skill level 5 in Armour
  2516 | D:4      | Reached skill level 6 in Shields
  2717 | D:4      | Reached XP level 8. HP: 63/63 MP: 11/11
  2741 | D:4      | Reached skill level 5 in Axes
  2762 | D:4      | Found a glowing drain.
  2767 | Sewer    | Entered a sewer
  3125 | Sewer    | Reached skill level 7 in Shields
  3490 | D:5      | Entered Level 5 of the Dungeon
  3560 | D:5      | Noticed Ijyb
  3596 | D:4      | Killed Ijyb
  3704 | D:5      | Found a radiant altar of Vehumet.
  3738 | D:5      | Reached skill level 1 in Dodging
  4168 | D:5      | Learned a level 3 spell: Flight
  4330 | D:6      | Noticed Pikel
  4333 | D:6      | Reached XP level 9. HP: 69/69 MP: 12/12
  4337 | D:6      | Killed Pikel
  4384 | D:6      | Reached skill level 8 in Shields
  4435 | D:6      | Found a blossoming altar of Fedhas.
  4674 | D:6      | Noticed Natasha
  4682 | D:6      | Killed Natasha
  5029 | D:6      | Noticed Natasha
  5035 | D:6      | Killed Natasha
  5343 | D:7      | Reached XP level 10. HP: 71/79 MP: 13/13
  5350 | D:7      | Found a sand-covered staircase.
  5355 | Ossuary  | Entered an ossuary
  5591 | D:7      | Reached skill level 5 in Dodging
  5788 | D:7      | Reached skill level 9 in Shields
  5892 | D:7      | Found a staircase to the Ecumenical Temple.
  5899 | Temple   | Entered the Ecumenical Temple
  6070 | Temple   | Became a worshipper of Makhleb the Destroyer
  6133 | D:7      | Found a blossoming altar of Fedhas.
  6743 | D:8      | Found a staircase to the Lair.
  6816 | D:8      | Acquired Makhleb's first power
  6856 | D:8      | Reached skill level 1 in Invocations
  7026 | D:8      | Found a stormy altar of Qazlal.
  7187 | D:8      | Found a snail-covered altar of Cheibriados.
  7402 | D:9      | Found a staircase to the Orcish Mines.
  7417 | D:9      | Found an opulent altar of Gozag.
  7417 | D:9      | Noticed Joseph
  7438 | D:9      | Killed Joseph
  7452 | D:9      | Reached XP level 11. HP: 47/87 MP: 16/18
  7563 | D:9      | Acquired Makhleb's second power
  7569 | D:9      | Reached skill level 10 in Shields
  7610 | D:9      | Noticed a hill giant
  7619 | D:9      | Mangled by a hill giant

Action                   |  1- 3 |  4- 6 |  7- 9 | 10-12 || total
-------------------------+-------+-------+-------+-------++-------
Melee: War axe           |   102 |    84 |   417 |   293 ||   896
 Abil: Dig               |     2 |     5 |    11 |    15 ||    33
       Shaft Self        |       |       |       |     1 ||     1
Evoke: Wand              |       |       |     5 |       ||     5
  Use: Scroll            |     3 |     5 |     8 |     7 ||    23
       Potion            |       |     1 |       |       ||     1
  Eat: Chunk             |     1 |     4 |    14 |    11 ||    30
